AoeStats
← -Luxo-

Arabia

504054484Analyzed
1v1 RM · 1mo ago on Sep 3, 2026· 48m 51s· 2 players
Game mode
Random Map
Map size
Tiny (2 player)
Population
200
Speed
Normal
Resources
Standard
Victory
Conquest
Starting age
Dark Age
Ending age
Imperial Age
RankedLock teamsTeams togetherTeam positionsShared explorationLock speedFull tech treeHidden civsTurbo modeCheats
Victory
Defeat
🇩🇪 Celts · Germany
936
+17
🇵🇱 Vietnamese · Poland
952
-49
-Luxo-
9:15 Loom
13:01 Feudal Age
14:18 Wheelbarrow
13:30 Double-Bit Axe
13:27 Horse Collar
21:09 Castle Age
19:39 Stone Mining
19:57 Gold Mining
20:11 Fletching
23:05 Heavy Plow
23:18 Bow Saw
26:20 Stone Shaft Mining
26:23 Gold Shaft Mining
25:32 Elite Skirmisher
28:54 Stronghold
31:02 Hand Cart
30:36 Town Watch
31:37 Scale Mail Armor
32:28 Forging
32:38 Chain Mail Armor
33:45 Iron Casting
33:07 Bodkin Arrow
36:12 Padded Archer Armor
38:43 Leather Archer Armor
41:16 Imperial Age
38:49 Town Patrol
42:20 Conscription
42:12 Furor Celtica
41:23 Elite Woad Raider
42:39 Hoardings
41:42 Capped Ram
42:24 Siege Ram
43:58 Sappers
luderick
7:30 Loom
10:18 Feudal Age
12:07 Double-Bit Axe
12:04 Horse Collar
15:05 Wheelbarrow
15:16 Fletching
18:04 Padded Archer Armor
23:03 Castle Age
23:52 Bodkin Arrow
24:04 Thumb Ring
24:29 Heavy Plow
24:47 Bow Saw
24:29 Stone Mining
24:24 Crossbowman
26:44 Stone Shaft Mining
28:04 Hand Cart
29:26 Gold Mining
33:55 Leather Archer Armor
37:26 Imperial Age
39:29 Paper Money
39:39 Paper Money
40:41 Bracer
42:11 Scale Mail Armor
42:16 Scale Barding Armor
42:28 Bloodlines
42:19 Husbandry
44:04 Chain Barding Armor
43:59 Chain Mail Armor
45:10 Chemistry
44:40 Ballistics
44:54 Ring Archer Armor
43:47 Arbalester
44:02 Elite Rattan Archer
Connection lost

Rejoining the realm…

Still unreachable

The connection could not be restored.

Session expired

The server has moved on; the page needs a fresh start.